 Dungeon Crawl Stone Soup version 0.29.1 (webtiles) character file.

Game seed: 6410111319613132316

280 raistware the Magician (level 6, -2/36 HPs)
             Began as an Octopode Conjurer on Sept 14, 2022.
             Was an Initiate of Vehumet.
             Killed by miscasting Iskenderun's Mystic Blast (16 damage)
             ... on level 5 of the Dungeon.
             The game lasted 00:03:45 (3138 turns).

raistware the Magician (Octopode Conjurer)          Turns: 3138, Time: 00:03:46

Health: -2/36      AC:  2    Str:  6    XL:     6   Next: 27%
Magic:  0/13       EV: 13    Int: 23    God:    Vehumet [......]
Gold:   143        SH:  0    Dex: 10    Spells: 9/14 levels left

rFire   . . .      SeeInvis .   (no weapon)
rCold   . . .      Faith    .   (no shield)
rNeg    . . .      Spirit   .   m - +1 hat
rPois   .          Reflect  .   (no amulet)
rElec   .          Harm     .   (no ring)
rCorr   .          Rampage  .   (no ring)
Will    .....                   (no ring)
Stlth   +++.......              (no ring)
HPRegen 0.12/turn               (no ring)
MPRegen 0.13/turn               (no ring)
                                (no ring)
                                (no ring)

@: very slightly contaminated
A: almost no armour, amphibious, 8 rings, camouflage 1, gelatinous body 1,
(nimble swimmer 1), tentacles
a: Renounce Religion


You were on level 5 of the Dungeon.
You worshipped Vehumet.
Vehumet was noncommittal.
You visited 1 branch of the dungeon, and saw 5 of its levels.

You collected 143 gold pieces.

Inventory:

Missiles
 l - 6 poisoned darts
Armour
 m - a +1 hat (worn)
Jewellery
 p - a ring of ice
Wands
 n - a wand of acid (5)
 o - a wand of flame (16)
Scrolls
 d - a scroll of magic mapping {unknown}
 g - a scroll of enchant armour {unknown}
 h - 2 scrolls of summoning {unknown}
 i - a scroll of enchant weapon {unknown}
 j - 2 scrolls of identify {unknown}
 k - a scroll of vulnerability {unknown}
 q - a scroll of teleportation {unknown}
Potions
 a - a potion of magic
 b - 2 potions of brilliance {unknown}
 c - a potion of mutation {unknown}
 e - 2 potions of resistance {unknown}
 f - 3 potions of curing {unknown}


   Skills:
 + Level 2.8 Dodging
 - Level 4.0 Stealth
 * Level 4.8 Spellcasting
 - Level 4.0 Conjurations
 - Level 2.0 Translocations


You had 9 spell levels left.
You knew the following spells:

 Your Spells              Type           Power      Damage    Failure   Level
a - Magic Dart            Conj           92%        1d7       1%          1
b - Iskenderun's Mystic   Conj/Tloc      19%        2d6       28%         4

Your spell library contained the following spells:

 Spells                   Type           Power      Damage    Failure   Level
 Searing Ray              Conj           46%        2d6       2%          2
 Dazzling Flash           Conj/Hex       28%        N/A       13%         3
 Fulminant Prism          Conj/Hex       7%         3d7       38%         4


Dungeon Overview and Level Annotations

Branches:
Dungeon (6/15)
 Temple: D:4-7

Altars:
Vehumet

Shops:
D:2 [


Innate Abilities, Weirdness & Mutations

You cannot wear most types of armour.
You are amphibious.
You can wear up to eight rings at the same time.
Your skin changes colour to match your surroundings (Stealth+).
Your rubbery body absorbs attacks. (AC +1, EV +1)
((You are camouflaged when in or above water. (Stealth+)))
You have tentacles for arms and can constrict up to eight enemies at once.


Message History

You kill the hound!
Vehumet accepts your kill.
Unknown command.
You see here a hound corpse.
q - a scroll labelled KEAWKE ITTIUCIHYL An iguana comes into view.
The magic dart hits the iguana.
The iguana is moderately wounded.
The iguana hisses angrily.
You can't see any susceptible monsters within range! (Use Z to cast anyway.)
An orc comes into view.
It is wielding a +0 flail and quivering silver boomerangs.
The magic dart hits the orc.
The orc is moderately wounded.
The orc shouts!
The magic dart hits the iguana but does no damage.
The iguana is moderately wounded.
The magic dart hits the iguana but does no damage.
The iguana is moderately wounded.
The magic dart hits the iguana but does no damage.
The iguana is moderately wounded.
The magic dart hits the iguana.
The iguana is heavily wounded.
The magic dart hits the iguana but does no damage.
The iguana is heavily wounded.
The magic dart hits the iguana but does no damage.
The iguana is heavily wounded.
The iguana bites you!
The magic dart hits the iguana but does no damage.
The iguana is heavily wounded.
The iguana closely misses you.
The magic dart hits the iguana.
The iguana is severely wounded.
The orc hits you with a +0 flail. The iguana bites you!
Casting: Magic Dart (safe; 1% risk of failure)
Confirm with . or Enter, or press ? or * to list all spells.
The spell is extremely dangerous to miscast (28% risk of failure)!
Continue anyway?
You miscast Iskenderun's Mystic Blast.
You are very lightly contaminated with residual magic.
The air around you crackles with energy!
You die...

### #.# #.. ..# .
#.####.###### ..
#.#..#.##.... ...
##.#..#.##.### ...$
#.....#.##.#
.....######..##.#.##.###
......o............†....
##..l@....#####.##.#.#
#..####### #.##.#.. +..
#.##.# # ## #.##.#
#.##.# #.##.# #.##.# #.#


You could see an iguana and an orc.

Vanquished Creatures
  A centaur (D:6)
  A howler monkey (D:6)
  A hound (D:5)
  A jelly (D:6)
  An iguana (D:6)
  An adder (D:2)
  A shadow imp (D:6)
  A white imp (D:5)
  2 ufetubi
  A worm (D:2)
  7 ball pythons
  5 bats
  4 endoplasms
  4 giant cockroaches
  6 hobgoblins
  3 kobolds
  A quokka (D:1)
  3 frilled lizards
  4 goblins
  4 rats
52 creatures vanquished.

Notes
Turn   | Place    | Note
-------+----------+-------------------------------------------
     0 | D:1      | raistware the Octopode Conjurer began the quest for the
                  | Orb.
     0 | D:1      | Reached XP level 1. HP: 11/11 MP: 3/3
   277 | D:1      | Reached XP level 2. HP: 17/17 MP: 1/5
   989 | D:1      | Reached XP level 3. HP: 21/21 MP: 4/7
  1614 | D:2      | Found Diutorao's Antique Armour Boutique.
  2303 | D:3      | You fall into a shaft and drop 3 floors!
  2337 | D:6      | Reached skill level 1 in Translocations
  2337 | D:6      | Reached XP level 4. HP: 24/27 MP: 0/10
  2342 | D:6      | Learned a level 4 spell: Iskenderun's Mystic Blast
  2485 | D:6      | Reached XP level 5. HP: 24/31 MP: 5/11
  2558 | D:6      | Found a radiant altar of Vehumet.
  2563 | D:6      | Became a worshipper of Vehumet
  2637 | D:6      | Noticed a centaur
  2644 | D:6      | Killed a centaur
  2645 | D:6      | Reached XP level 6. HP: 13/36 MP: 7/12
  2863 | D:5      | Entered Level 5 of the Dungeon
  3138 | D:5      | Killed by miscasting Iskenderun's Mystic Blast

Illustrated notes

Levels and vault maps discovered:
D:1:      wander_arrival_lonely_grave, layout_basic, kennysheep_flooded_box
D:2:      layout_basic, serial_shops,
          nicolae_shop_temple_entry_statues_fountains
D:3:      layout_rooms, elyvilon_altar_1,
          shapermc_ecumenical_altar_mp_urbaneastern, minivault_11, uniq_grinder
D:5:      layout_basic, lightli_temple_of_fire, uniq_duvessa, uniq_blork_the_orc
D:6:      layout_loops_ring, vehumet_altar_wand_db, lemuel_round_altar

Skill      XL: |  1  2  3  4  5 |
---------------+----------------+-----
Spellcasting   | 3 4 |  4.8
Stealth        | 3 4 |  4.0
Translocations | 1 2 |  2.0
Dodging        | |  2.8
Conjurations   | |  4.0

Action                   |  1- 3 |  4- 6 || total
-------------------------+-------+-------++-------
Melee: Unarmed           |    11 |     5 ||    16
       Constrict         |     3 |     2 ||     5
       Tentacles         |     1 |     1 ||     2
 Cast: Magic Dart        |    84 |    26 ||   110
       Iskenderun's Myst |       |     2 ||     2
Evoke: Wand              |       |     2 ||     2
 Stab: Sleeping          |       |     1 ||     1
Armor: Skin              |       |     1 ||     1
Dodge: Dodged            |    15 |    11 ||    26
